 Dungeon Crawl Stone Soup version 0.14-a0-1313-gb2df4ef (webtiles) character file.

221 Chiseanne the Ogre Mage (level 4, -1/41 HPs)
             Began as an Ogre Wanderer on Dec 5, 2013.
             Killed from afar by an orc wizard (3 damage)
             ... with a puff of flame
             ... on Level 3 of the Dungeon.
             The game lasted 00:07:58 (3053 turns).

Chiseanne the Ogre Mage (Ogre Wanderer)             Turns: 3053, Time: 00:07:58

HP  -1/41        AC  4     Str 16      XL: 4   Next: 80%
MP   8/11        EV 10     Int 12      God:
Gold 117         SH  0     Dex 10      Spells:  4 memorised,  3 levels left

rFire  . . .     SeeInvis .     h - +0,+2 orc flail
rCold  . . .     Clarity  .     f - +1 robe
rNeg   . . .     Conserve .     (shield restricted)
rPois  .         rCorr    .     (helmet restricted)
rElec  .         rRot     .     (no cloak)
SustAb . .       Spirit   .     (gloves unavailable)
rMut   .         Warding  .     (boots unavailable)
Saprov + . .     Stasis   .     (no amulet)
                                (no ring)
                                (no ring)

@: very slightly contaminated, slightly resistant to hostile enchantments,
unstealthy
A: unfitting armour, fast metabolism 1, saprovore 1, tough skin 1
a: no special abilities


You were on level 3 of the Dungeon.
You were very hungry.

You visited 1 branch of the dungeon, and saw 3 of its levels.

You collected 117 gold pieces.

Inventory:

Hand weapons
 c - a cursed -1,-3 orcish morningstar
 h - a +0,+2 orcish flail (weapon)
Missiles
 i - 3 darts (quivered)
 p - an exploding dart
Armour
 f - a +1 robe (worn)
Comestibles
 d - 2 meat rations
 g - 7 strawberries
 q - a bread ration
Scrolls
 b - 2 scrolls of blinking {unknown}
 e - 5 scrolls of fog {unknown}
 j - 2 scrolls of enchant weapon I {unknown}
 k - a scroll of immolation {unknown}
 l - a scroll of remove curse {unknown}
 m - 6 scrolls of identify {unknown}
 o - 2 scrolls of curse jewellery {unknown}
Potions
 n - a potion of flight
Books
 a - a book of Air

   Spells                             Type                      Level
   *Shock                             Conjuration/Air              1
   *Swiftness                         Charms/Air                   2
   *Repel Missiles                    Charms/Air                   2
   Flight                             Charms/Air                   3
   Static Discharge                   Conjuration/Air              3
   Lightning Bolt                     Conjuration/Air              5


   Skills:
 * Level 1.3 Fighting
 * Level 2.0 Maces & Flails
 - Level 1.1 Throwing
 * Level 2.5 Dodging
 - Level 1.0 Stealth
 * Level 3.2 Spellcasting
   Level 1.3 Hexes
   Level 1.0 Ice Magic
 * Level 1.5 Air Magic
   Level 1.0 Poison Magic


You had 3 spell levels left.
You knew the following spells:

 Your Spells              Type           Power        Failure   Level  Hunger
a - Summon Small Mammal   Summ           #...         28%         1    #......
b - Shock                 Conj/Air       #...         17%         1    #......
c - Repel Missiles        Chrm/Air       #.........   28%         2    ##.....
d - Swiftness             Chrm/Air       #.......     28%         2    ##.....


Dungeon Overview and Level Annotations

Branches:
Dungeon (3/16)

Altars:


Innate Abilities, Weirdness & Mutations

You are too large for most types of armour.
You have a fast metabolism.
You can tolerate rotten meat.
You have tough skin (AC +1).


Message History

The orc wizard points at you and mumbles some strange words.
The puff of frost hits you!
* * * LOW HITPOINT WARNING * * *
Casting: Shock
Confirm with . or Enter, or press ? or * to list all spells.
Aiming: Shock
Press: ? - help, Shift-Dir - straight line, f/p - orc wizard
Aim: an orc wizard, wielding an orcish dagger and wearing an orcish robe (moving very quickly)
You miscast Shock.
You are very lightly contaminated with residual magic.
Your hair stands on end.
The orc wizard barely misses you.
Casting: Shock
Confirm with . or Enter, or press ? or * to list all spells.
Aiming: Shock
Press: ? - help, Shift-Dir - straight line, f/p - orc wizard
Aim: an orc wizard, wielding an orcish dagger and wearing an orcish robe (moving very quickly)
The zap hits the orc wizard.
The orc wizard appears unharmed.
The orc wizard casts a spell at you. The puff of flame hits you!
You die...

#.# #.##.#.## #.# #.##.#...
#######.####.##.####
##############..>..............#.
.............................#.#.
###..........................#.#.
#.############.#########...#.#.
#.# #.# #...#.#. #.# #@# #....<..
#.# ##o#########..##### #.#
#.oo.o....##....... #.#
#.........##..##### #.#
#.........##..# # #.#
#.........##..# # #.........##..#
# ########'#########..# #
..........# #..# #


You could see an orc wizard and 2 orcs.

Vanquished Creatures
  An orc wizard (D:3)
  An adder (D:3)
  2 giant geckos
  9 orcs (D:3)
  14 bats
  3 giant cockroaches
  3 hobgoblins
  6 kobolds
  5 giant newts
  11 goblins
  11 rats
66 creatures vanquished.

Notes
Turn   | Place    | Note
--------------------------------------------------------------
     0 | D:1      | Chiseanne, the Ogre Wanderer, began the quest for the Orb.
     0 | D:1      | Reached XP level 1. HP: 16/16 MP: 5/5
     2 | D:1      | Learned a level 1 spell: Shock
    81 | D:1      | Reached XP level 2. HP: 1/24 MP: 7/7
   549 | D:1      | Reached skill level 1 in Dodging
   812 | D:1      | Reached skill level 3 in Spellcasting
   829 | D:1      | Reached skill level 1 in Maces & Flails
  1330 | D:1      | Reached XP level 3. HP: 25/31 MP: 9/9
  1728 | D:2      | Learned a level 2 spell: Repel Missiles
  1731 | D:2      | Learned a level 2 spell: Swiftness
  2237 | D:2      | Paralysed by a potion of paralysis for 4 turns
  2344 | D:3      | Reached skill level 1 in Fighting
  2461 | D:3      | Reached XP level 4. HP: 27/41 MP: 11/11
  3051 | D:3      | HP: 2/41 [orc wizard/puff of frost (11)]
  3053 | D:3      | Killed from afar by an orc wizard

Action                   |  1- 3 |  4- 6 || total
-------------------------+-------+-------++-------
Melee: Club              |   216 |       ||   216
       Flail             |     9 |    31 ||    40
Throw: Dart              |     2 |       ||     2
 Cast: Summon Small Mamm |     1 |       ||     1
       Shock             |    13 |     6 ||    19
  Use: Potion            |     4 |     1 ||     5
